 Dungeon Crawl Stone Soup version 0.29.0-4-gdea44cf6ec (webtiles) character file.

Game seed: 11755442497419961951

4 qw the Firebug (level 1, -3/15 HPs)
             Began as a Ghoul Fire Elementalist on Aug 29, 2022.
             Slain by a gnoll
             ... wielding a +0 spear
              (9 damage)
             ... on level 1 of the Dungeon.
             The game lasted 00:00:16 (531 turns).

qw the Firebug (Ghoul Fire Elementalist)             Turns: 531, Time: 00:00:17

Health: -3/15      AC:  2    Str: 11    XL:     1   Next: 70%
Magic:  2/2        EV: 12    Int: 10    God:
Gold:   22         SH:  0    Dex:  9    Spells: 2/3 levels left

rFire   . . .      SeeInvis .     - Unarmed
rCold   + . .      Faith    .   (no shield)
rNeg    + + +      Spirit   .   a - +0 robe
rPois   inf        Reflect  .   (no helmet)
rElec   .          Harm     .   (no cloak)
rCorr   .          Rampage  .   (no gloves)
Will    .....                   (no boots)
Stlth   ++........              (no amulet)
HPRegen 0.00/turn               (no ring)
MPRegen 0.08/turn               (no ring)

@: inhibited regen
A: claws 1, cold resistance 1, negative energy resistance 3, inhibited
regeneration, torment resistance 2, devour on kill
a: no special abilities


You were on level 1 of the Dungeon.
You visited 1 branch of the dungeon, and saw 1 of its levels.

You collected 22 gold pieces.


Innate Abilities, Weirdness & Mutations

You are immune to poison.
You have sharp fingernails.
Your flesh is cold resistant. (rC+)
You are immune to negative energy. (rN+++)
You do not regenerate when monsters are visible.
You are immune to unholy pain and torment.
You thrive by killing the living.


   Skills:
 + Level 0.4 Fighting
 - Level 1.7 Dodging
 - Level 2.1 Stealth
 - Level 1.0 Unarmed Combat
 - Level 1.7 Spellcasting
 - Level 0.7 Conjurations
 - Level 2.4 Fire Magic


You had 2 spell levels left.
You knew the following spells:

 Your Spells              Type           Power      Damage    Failure   Level
a - Foxfire               Conj/Fire      16%        2x1d4     17%         1

Your spell library contained the following spells:

 Spells                   Type           Power      Damage    Failure   Level
 Scorch                   Fire           10%        2d6       19%         2
 Conjure Flame            Conj/Fire      4%         6-21      45%         3
 Inner Flame              Hex/Fire       3%         N/A       52%         3
 Flame Wave               Conj/Fire      4%         2d5       86%         4

Inventory:

Armour
 a - a +0 robe (worn)
 c - a +0 cloak
Potions
 b - a potion of magic

Dungeon Overview and Level Annotations

Branches:
Dungeon (1/15)

Altars:


Message History

The quokka is severely wounded.
The quokka bites you.
You scratch the quokka but do no damage.
The quokka is severely wounded.
The quokka bites you.
You scratch the quokka.
You kill the quokka!
You feel better.
You start resting.
A gnoll comes into view. It is wielding a +0 spear.
474 ||| Stepping ~*~*~tactically~*~*~ (stealth).
You start resting.
A gnoll is nearby!
479 ||| Stepping ~*~*~tactically~*~*~ (stealth).
480 ||| Stepping ~*~*~tactically~*~*~ (stealth).
481 ||| Stepping ~*~*~tactically~*~*~ (stealth).
You start resting.
A gnoll is nearby!
You start resting.
HP restored.
A gnoll and a bat come into view.
522 ||| Stepping ~*~*~tactically~*~*~ (stealth).
524 ||| Stepping ~*~*~tactically~*~*~ (stealth).
525 ||| Stepping ~*~*~tactically~*~*~ (stealth).
A kobold comes into view. It is wielding a +0 dagger.
The gnoll shouts!
The kobold shouts!
The goblin shouts!
The gnoll closely misses you. The bat completely misses you.
You scratch the bat.
The bat is moderately wounded.
The bat closely misses you.
The gnoll hits you from afar with a +0 spear.
Found 7 gold pieces.
The gnoll hits you with a +0 spear. The bat hits you but does no damage.
You closely miss the bat.
The bat is moderately wounded.
The bat misses you. The gnoll barely misses you.
You barely miss the gnoll. The gnoll hits you with a +0 spear!
Ouch! That really hurt!
You die... # #. ####.##### .........# .........# .. #......g.####... 777

#.....K..g...... ..777
#......b@..#
....7777#######..#......
.................# ##$..
................## 7
............#####
.............#
.#..#.......7#
.#..#.......7
.#..#......77


You could see a gnoll, a goblin, a bat and a kobold.

Vanquished Creatures
  A bat (D:1)
  A goblin (D:1)
  A quokka (D:1)
  A rat (D:1)
4 creatures vanquished.

Vanquished Creatures (others)
  4 plants (D:1)
4 creatures vanquished.

Grand Total: 8 creatures vanquished

Notes
Turn   | Place    | Note
-------+----------+-------------------------------------------
     0 | D:1      | qw the Ghoul Fire Elementalist began the quest for the Orb.
     0 | D:1      | Reached XP level 1. HP: 14/14 MP: 2/2
     0 | D:1      | 0 ||| qw: Version: 0.1-a-90-g952f4b7
     0 | D:1      | 0 ||| qw: Game counter: 3918
     0 | D:1      | 0 ||| qw: Always use a shield: true
     0 | D:1      | 0 ||| qw: God list: Okawaru
     0 | D:1      | 0 ||| qw: Allow faded altars: false
     0 | D:1      | 0 ||| qw: Do Orc after D:15 true
     0 | D:1      | 0 ||| qw: Do second Lair branch before Depths: true
     0 | D:1      | 0 ||| qw: Lair rune preference: random
     0 | D:1      | 0 ||| qw: Plans: Normal
     0 | D:1      | 0 ||| PLANNING D:1-11
    14 | D:1      | 14 ||| Stepping ~*~*~tactically~*~*~ (stealth).
    16 | D:1      | 16 ||| Stepping ~*~*~tactically~*~*~ (stealth).
    26 | D:1      | 26 ||| Stepping ~*~*~tactically~*~*~ (outnumbered).
    27 | D:1      | 27 ||| Stepping ~*~*~tactically~*~*~ (outnumbered).
    28 | D:1      | 28 ||| Stepping ~*~*~tactically~*~*~ (outnumbered).
    29 | D:1      | 29 ||| Stepping ~*~*~tactically~*~*~ (outnumbered).
    35 | D:1      | HP: 3/14 [goblin/+0 dagger (4)]
    49 | D:1      | Reached skill level 1 in Unarmed Combat
    53 | D:1      | 53 ||| Stepping ~*~*~tactically~*~*~ (stealth).
   474 | D:1      | 474 ||| Stepping ~*~*~tactically~*~*~ (stealth).
   479 | D:1      | 479 ||| Stepping ~*~*~tactically~*~*~ (stealth).
   480 | D:1      | 480 ||| Stepping ~*~*~tactically~*~*~ (stealth).
   481 | D:1      | 481 ||| Stepping ~*~*~tactically~*~*~ (stealth).
   522 | D:1      | 522 ||| Stepping ~*~*~tactically~*~*~ (stealth).
   524 | D:1      | 524 ||| Stepping ~*~*~tactically~*~*~ (stealth).
   525 | D:1      | 525 ||| Stepping ~*~*~tactically~*~*~ (stealth).
   531 | D:1      | Slain by a gnoll

Levels and vault maps discovered:
D:1:      sevenhm_arrival_forest_fort_large_4, layout_rooms, serial_forest,
          infiniplex_forest_corner_1, infiniplex_forest_end_double,
          infiniplex_forest_join, infiniplex_forest_straight_2,
          infiniplex_forest_zigzag_1, infiniplex_forest_straight_2,
          infiniplex_forest_clump_large, infiniplex_forest_end_2,
          infiniplex_forest_zigzag_1, infiniplex_forest_lined_room_

Skill      XL: |  1 |
---------------+----+-----
Unarmed Combat | 1 |  1.0
Fighting       | |  0.4
Dodging        | |  1.7
Stealth        | |  2.1
Spellcasting   | |  1.7
Conjurations   | |  0.7
Fire Magic     | |  2.4

Action                   || total
-------------------------++-------
Melee: Unarmed           ||    34
       Punch             ||     1
Armor: Robe              ||    17
Dodge: Dodged            ||    29

Table legend:
 A = Non-vault XP
 B = Vault XP
 C = Vault XP percentage of total XP
 D = Non-vault monster count
 E = Vault monster count
 F = Vault count percentage of total count
                 A         B        C        D         E       F
            +---------+---------+-------+---------+---------+-------
      Total |       7 |       0 |   0.0 |       4 |       0 |   0.0
            +---------+---------+-------+---------+---------+-------
        D:1 |       7 |       0 |   0.0 |       4 |       0 |   0.0
            +---------+---------+-------+---------+---------+-------
